 Dungeon Sprint DCSS version 0.27-a0-1322-gfdffb62a71 (webtiles) character file.

Game seed: 5512455166683001600

39 rocky1 the Shield-Bearer (level 3, -3/31 HPs)
             Began as a Formicid Fighter on June 23, 2021.
             Slain by a water moccasin (4 damage)
             ... in the Dungeon (Sprint IX: "|||||||||||||||||||||||||||||").
             The game lasted 00:00:33 (71 turns).

rocky1 the Shield-Bearer (Formicid Fighter)           Turns: 71, Time: 00:00:35

Health: -3/31      AC:  7    Str: 21    XL:     3   Next: 70%
Magic:  3/3        EV:  9    Int:  7    God:
Gold:   0          SH: 10    Dex: 10    Spells: 2/2 levels left

rFire    . . .     SeeInvis +   a - +0 long sword
rCold    . . .     Faith    .   c - +0 kite shield
rNeg     . . .     Spirit   .   b - +0 scale mail
rPois    .         Reflect  .   (helmet unavailable)
rElec    .         Harm     .   (no cloak)
rCorr    .         Rampage  .   (no gloves)
Will     .....                  (no boots)
Stlth    ..........             (no amulet)
HPRegen  0.10/turn              (no ring)
MPRegen  0.08/turn              (no ring)

@: lethally poisoned (-3 -> -17)
A: permanent stasis, dig shafts and tunnels, antennae 3, four strong arms
a: Dig


You were in the Dungeon.
You visited 1 branch

Inventory:

Hand Weapons
 a - a +0 long sword (weapon)
Armour
 b - a +0 scale mail (worn)
 c - a +0 kite shield (worn)
Potions
 d - a potion of might
 e - a potion of curing
 f - a potion of heal wounds
 g - 2 potions of magic


   Skills:
 + Level 4.5 Fighting
 + Level 3.4 Long Blades
 + Level 4.6 Armour
 + Level 2.3 Dodging
 + Level 5.0 Shields


You had 2 spell levels left.
You didn't know any spells.
Your spell library was empty.

Dungeon Overview and Level Annotations

Branches:
Dungeon (1/1)

Altars:


Innate Abilities, Weirdness & Mutations

You cannot be hasted, slowed, berserked, paralysed or teleported.
You can dig through walls and to a lower floor.
You have a pair of large antennae on your head. (SInv)
Your four strong arms can wield two-handed weapons with a shield.


Message History

You slash the jelly!
You kill the jelly!
The quokka misses you.
You riposte.
You miss the quokka.
Your Fighting skill increases to level 4!
Your Long Blades skill increases to level 3!
Your Armour skill increases to level 4!
Your Dodging skill increases to level 2!
Your Shields skill increases to level 5!
You have reached level 3!
Your experience leads to an increase in your attributes!
Increase (S)trength, (I)ntelligence, or (D)exterity?
You feel stronger.
You hit the quokka.
You kill the quokka!
The jackal bites you but does no damage.
You slash the jackal!
You kill the jackal!
The water moccasin bites you!
You are poisoned.
The water moccasin poisons you!
You closely miss the water moccasin.
You feel very sick. You block the water moccasin's attack.
The water moccasin closely misses you.
You closely miss the water moccasin.
You feel sick. The water moccasin bites you.
You block the water moccasin's attack.
You closely miss the water moccasin.
You feel sick.
You block the water moccasin's attack. x2
You closely miss the water moccasin.
You feel sick. You block the water moccasin's attack.
The water moccasin bites you.
* * * LOW HITPOINT WARNING * * *
You slash the water moccasin!
The water moccasin is moderately wounded.
You feel sick. You block the water moccasin's attack.
You barely miss the water moccasin.
The water moccasin is moderately wounded.
You feel sick. The water moccasin bites you.
* * * LOW HITPOINT WARNING * * *
You are more poisoned.
The water moccasin poisons you! The water moccasin bites you.
You die...

▓+▓
▓.▓
▓.▓
▓.▓
▓.▓
▓l▓
{
▓S▓
▓@▓
▓.▓
▓.▓
▓.▓
▓.▓
▓†▓
▓.▓
▓.▓
▓.▓


You could see a water moccasin and an iguana.

Vanquished Creatures
  A jelly (D)
  A dart slug (D)
  A ball python (D)
  2 endoplasms (D)
  A jackal (D)
  A quokka (D)
  A frilled lizard (D)
8 creatures vanquished.

Notes
Turn   | Place    | Note
-------+----------+-------------------------------------------
     0 | D        | rocky1 the Formicid Fighter began the quest for the Orb.
     0 | D        | Reached XP level 1. HP: 18/18 MP: 1/1
     9 | D        | Reached skill level 4 in Shields
    13 | D        | Reached skill level 1 in Dodging
    19 | D        | Reached XP level 2. HP: 21/25 MP: 2/2
    61 | D        | Noticed a water moccasin
    64 | D        | Reached skill level 5 in Shields
    64 | D        | Reached XP level 3. HP: 25/31 MP: 3/3
    71 | D        | HP: 1/31 [water moccasin (2)]
    71 | D        | Slain by a water moccasin

Illustrated notes

Levels and vault maps discovered:
D:        linesprint [early_d, line_temple, items_1, d_10, items_2, lair_1,
          lair_end, items_3, orc_1, orc_end, items_4, d_15, swamp_1, shoals_1,
          snake_1, spider_1, d_20, vaults_1, items_5, swamp_end, shoals_end,
          snake_end, spider_end, vaults_end, d_27, items_6, zot_1, zot_end,
          crypt_end, forest_end, elf_end, slime_end, tomb_end, abyss_end,
          pan_hell_end]

Skill      XL: |  1  2 |
---------------+-------+-----
Shields        | 4 5 |  5.0
Dodging        | 1 2 |  2.3
Fighting       | 4 |  4.5
Long Blades    | 3 |  3.4
Armour         | 4 |  4.6

Action                   || total
-------------------------++-------
Melee: Long sword        ||    26
Armor: Scale mail        ||     6
Dodge: Dodged            ||     7
Block: Kite shield       ||    12
       Rpst.: Long sword ||     1

Table legend: (Time is in decaauts)
 A = Elapsed time spent in this place.
 B = Non-inter-level travel time spent in this place.
 C = Inter-level travel time spent in this place.
 D = Time resting spent in this place.
 E = Time spent auto-exploring this place.
 F = Levels seen in this place.
 G = Mean time per level.
                   A        B        C        D        E       F      G
               +--------+--------+--------+--------+--------+-----+--------+
         Total |     81 |     81 |      0 |     35 |      0 |   1 |   81.0 |
       Dungeon |     81 |     81 |      0 |     35 |      0 |   1 |   81.0 |
               +--------+--------+--------+--------+--------+-----+--------+

Top non-repeatable levels by time:
       D: 81 daAuts
